 Dungeon Crawl Stone Soup version 0.21.1-1-g345015f (webtiles) character file.

341335 troglodite the Peltast (level 21, -5/166 HPs)
             Began as a Demonspawn Berserker on Feb 7, 2018.
             Was the Champion of Trog.
             Killed from afar by a deep elf annihilator (27 damage)
             ... with a crystal spear
             ... on level 3 of the Elven Halls on Feb 8, 2018.
             The game lasted 03:00:30 (44746 turns).

troglodite the Peltast (Demonspawn Berserker)      Turns: 44746, Time: 03:00:31

Health: -5/166     AC: 27    Str: 22    XL:     21   Next: 8%
Magic:  21/21      EV: 23    Int: 13    God:    Trog [******]
Gold:   3477       SH: 31    Dex: 29    Spells: 20/20 levels left

rFire    + . .     SeeInvis +   T - +5 hunting sling of Twilight {speed, *Corrode rElec rC+++ MR++}
rCold    + + +     Gourm    .   s - +8 large shield
rNeg     . . .     Faith    +   K - +6 swamp dragon scales "Edid" {*Contam rPois rCorr Int+3 Dex+2}
rPois    +         Spirit   .   v - +2 helmet
rElec    +         Reflect  .   J - scarf {repulsion}
rCorr    +         Harm     .   L - +1 pair of gloves of Disaster {Dex+2}
MR       +++++                  (boots unavailable)
Stlth    ++........             k - amulet "Zothro" {Faith Slay+2}
HPRegen  1.37/turn              x - ring "Ucoyrghixt" {rF+ Int+2 Dex+2}
MPRegen  0.17/turn              M - ring "Jixinkaff" {MR+ Dex+4 SInv}

@: regenerating, drained, repel missiles
A: talons 3, thin metallic scales 2, powered by pain 3, spiny 2, augmentation 2
}: 2/15 runes: barnacled, gossamer
a: Berserk, Trog's Hand, Brothers in Arms, Burn Spellbooks, Renounce Religion


You were on level 3 of the Elven Halls.
You worshipped Trog.
Trog was exalted by your worship.
You were near starving.

You visited 7 branches of the dungeon, and saw 36 of its levels.
You also visited: Desolation.

You collected 4205 gold pieces.
You spent 728 gold pieces at shops.

Inventory:

Hand Weapons
 f - the +8 autumn katana {slice, Clar}
   (You found it in the Desolation of Salt)

   It inflicts extra damage upon your enemies.
   It protects you against confusion.
 S - a +3 scimitar of flaming
 T - the +5 hunting sling of Twilight (weapon) {speed, *Corrode rElec rC+++ MR++}
   (Trog gifted it to you in the Desolation of Salt)

   Attacks with this weapon are significantly faster.
   It renders you almost immune to cold.
   It insulates you from electricity.
   It affects your resistance to hostile enchantments.
   It may corrode you when you take damage.
 U - the +7 long sword of Abomination {drain, rF+ rN+}
   (You found it on level 4 of the Shoals)

   A truly terrible weapon, it drains the life of those it strikes.
   It protects you from fire.
   It protects you from negative energy.
 X - the +11 hunting sling of Doom {venom, rN+ Str+6}
   (You found it on level 2 of the Lair of Beasts)

   It poisons the ammo it fires.
   It affects your strength (+6).
   It protects you from negative energy.
Missiles
 W - 536 stones (quivered)
Armour
 s - a +8 large shield (worn)
 v - a +2 helmet (worn)
 J - a scarf of repulsion (worn)
 K - the +6 swamp dragon scales "Edid" (worn) {*Contam rPois rCorr Int+3 Dex+2}
   (You found it on level 2 of the Shoals)

   It affects your intelligence (+3).
   It affects your dexterity (+2).
   It protects you from poison.
   It causes magical contamination when unequipped.
   It protects you from acid and corrosion.
 L - the +1 pair of gloves of Disaster (worn) {Dex+2}
   (You found it in the Desolation of Salt)

   It affects your dexterity (+2).
Jewellery
 g - a +4 ring of protection
 k - the amulet "Zothro" (around neck) {Faith Slay+2}
   (You found it on level 2 of the Shoals)

   [amulet of faith]

   It allows you to gain divine favour quickly.
   It affects your accuracy and damage with ranged weapons and melee attacks
   (+2).
 x - the ring "Ucoyrghixt" (left hand) {rF+ Int+2 Dex+2}
   (You acquired it on level 1 of the Shoals)

   [ring of dexterity]

   It affects your intelligence (+2).
   It affects your dexterity (+2).
   It protects you from fire.
 M - the ring "Jixinkaff" (right hand) {MR+ Dex+4 SInv}
   (You found it on level 13 of the Dungeon)

   [ring of see invisible]

   It affects your dexterity (+4).
   It affects your resistance to hostile enchantments.
   It lets you see invisible.
Wands
 j - a wand of disintegration (29)
 C - a wand of enslavement (14)
 I - a wand of digging (50)
 N - a wand of paralysis (15)
 O - a wand of flame (67)
 P - a wand of scattershot (7)
 Q - a wand of iceblast (28)
Scrolls
 b - 20 scrolls of teleportation
 d - 5 scrolls of magic mapping
 h - 2 scrolls of fog
 t - 6 scrolls of remove curse
 y - 3 scrolls of enchant weapon
 A - 5 scrolls of fear
 D - 6 scrolls of identify
 G - a scroll of summoning
 V - a scroll of silence
 Z - 2 scrolls of blinking
Potions
 a - 6 potions of might
 e - 5 potions of flight
 i - 9 potions of lignification
 l - 2 potions of cancellation
 m - 3 potions of mutation
 n - 6 potions of agility
 o - 9 potions of curing
 q - 6 potions of heal wounds
 r - 4 potions of resistance
 u - 4 potions of magic
 w - 6 potions of ambrosia
 z - 3 potions of haste
 B - 5 potions of brilliance
 F - 2 potions of invisibility
 R - 2 potions of berserk rage
Comestibles
 c - 42 rations


   Skills:
 * Level 14.7(14.1) Fighting
   Level 9.5(10.9) Short Blades
 + Level 10.2(11.2) Long Blades
 * Level 11.9(11.4) Slings
 * Level 15.3(14.8) Armour
 * Level 13.0(12.5) Dodging
 - Level 2.0(1.6) Stealth
 * Level 19.2(18.6) Shields


You had 20 spell levels left.
You didn't know any spells.

Dungeon Overview and Level Annotations

Branches:
Dungeon (15/15)            Temple (0/1) D:7            Lair (6/6) D:9
 Shoals (4/4) Lair:4       Spider (4/4) Lair:3        Slime (0/5) Lair:5
    Orc (2/2) D:10            Elf (3/3) Orc:2        Vaults (2/5) D:13
 Depths (0/5) D:15
  Crypt: Vaults:2-3

Altars:
Ashenzari
Dithmenos
Gozag
Makhleb
Nemelex Xobeh
Okawaru
Qazlal
Trog
Wu Jian
Yredelemnul
Beogh
Jiyva

Shops:
D:4 !   D:8 [   D:9 (*   D:14 [   D:15 ?   Orc:1 }   Orc:2 (}}=   Elf:1 !
Elf:2 =   Elf:3 !   Shoals:1 ?   Shoals:4 ?

Portals:
Trove: Vaults:1 (give +6 demon trident)


Innate Abilities, Weirdness & Mutations

You have claws for feet.
You are mostly covered in thin metallic scales. (AC +3)
You are powered by pain.
You are mostly covered in sharp spines.
Your magical and physical power is enhanced at high health.


Message History

Firing (i - inventory):
W - 538 stones (quivered)
Press: ? - help, Shift-Dir - straight line, f - deep elf high priest
Aim: a deep elf high priest, wielding a long sword and wearing a leather armour (aura of brilliance)
You shoot a stone.
The stone hits the deep elf high priest!
The deep elf high priest is lightly wounded.
Your cyclops barely misses the deep elf high priest.
The deep elf high priest invokes the aid of its god against you.
Something smites you!
* * * LOW HITPOINT WARNING * * *
Unknown command.
Firing (i - inventory):
W - 537 stones (quivered)
Press: ? - help, Shift-Dir - straight line, f/p - deep elf high priest
Aim: a deep elf high priest, wielding a long sword and wearing a leather armour (lightly wounded, aura of brilliance)
You shoot a stone.
The stone hits the deep elf high priest.
The deep elf high priest is lightly wounded.
The deep elf annihilator casts a spell at you.
The crystal spear hits you!
You die...

.#...)......#...#...#..<#...#
.#...#......#...#...'...#...#
.'...########...#####...#...#
.#......................#...#
.#......................#...#
.#.)....................#...#
.############e###########...#
..............(.............#
................@...........#
..............ยง)C...........#
.###########..(e.############
.# #.#x#.# .# # #(#.# .# #)#.#
.# #(#.# .# #e### .# #(#


You could see a deep elf annihilator, a deep elf high priest, a crawling corpse
and a friendly cyclops (berserk).

Vanquished Creatures
  2 deep elf master archers (Elf:3)
  Polyphemus (Shoals:2)
  A sphinx (Vaults:2)
  2 deep elf blademasters (Elf:3)
  A tengu reaver (Vaults:2)
  Ilsuiw (Shoals:4)
  3 imperial myrmidons (Desolation)
  A frost giant (Shoals:4)
  The ghost of Ratty the Crack Shot, a journeyman CeMo of Okawaru (D:14)
  4 deep elf sorcerers (Elf:3)
  7 emperor scorpions
  3 vault wardens (Vaults:2)
  4 ghost moths
  2 deep elf elementalists (Elf:3)
  6 ironheart preservers
  3 entropy weavers
  The ghost of tidbits the Thaumaturge, a journeyman GnVM of Cheibriados (Elf:2)
  3 deep elf demonologists (Elf:1)
  A halazid warlock (Desolation)
  2 deep elf annihilators
  An ettin (Vaults:2)
  8 merfolk javelineers
  2 crystal guardians (Desolation)
  6 deep elf death magi
  Josephine (Shoals:1)
  3 yaktaur captains (Vaults:1)
  8 merfolk impalers
  7 ogre magi
  11 hydras
  3 ice dragons (Vaults:2)
  A deep elf high priest (Elf:3)
  2 fire dragons
  9 servants of whispers (Desolation)
  8 ragged hierophants (Desolation)
  10 peacekeepers
  3 catoblepae
  3 great orbs of eyes (Vaults:1)
  9 vault guards
  A death knight (Vaults:2)
  An alligator snapping turtle (Shoals:4)
  4 centaur warriors
  3 merfolk avatars
  6 merfolk aquamancers
  29 two-headed ogres
  A queen ant (Lair:2)
  2 deep troll shamans (Vaults:1)
  2 satyrs
  30 dancing weapons
  2 orc high priests (Elf:2)
  9 death yaks
  11 deep elf knights
  A shadow wraith (Vaults:2)
  11 skeletal warriors
  A sixfirhy (D:10)
  8 unseen horrors
  6 sea snakes
  A lindwurm (Lair:6)
  A deep troll (Vaults:1)
  2 wizards
  2 glowing orange brains
  11 ironbrand convokers
  14 deep elf archers
  2 oklob plants (Lair:2)
  A harpy (shapeshifter) (D:11)
  15 harpies
  15 orb spiders
  2 necromancers (Vaults:2)
  35 wolf spiders
  12 manticores
  4 orc sorcerers
  8 orc knights
  A tengu skeleton (Vaults:2)
  8 ugly things
  5 fauns
  A wolf spider zombie (D:13)
  7 cyclopes
  36 deep elf magi
  4 moths of wrath
  4 centaur zombies
  2 guardian serpents (Desolation)
  12 merfolk sirens
  A frost giant skeleton (Vaults:2)
  5 vault sentinels
  8 black mambas
  3 elephants (Lair:4)
  4 water nymphs
  2 centaur skeletons
  3 molten gargoyles
  A gargoyle (D:15)
  9 spiny frogs
  3 torpor snails
  11 komodo dragons
  23 demonic crawlers
  2 kobold demonologists
  4 rime drakes
  A human zombie (Vaults:2)
  2 freezing wraiths
  A yaktaur (shapeshifter) (Vaults:1)
  15 yaktaurs
  25 merfolk
  A queen bee (shapeshifter) (D:15)
  A troll (shapeshifter) (D:15)
  2 human skeletons (Vaults:2)
  A yaktaur skeleton (Vaults:2)
  14 trolls
  A polar bear (Lair:6)
  A jumping spider (shapeshifter) (D:15)
  5 hornets
  A tengu simulacrum (Vaults:2)
  12 wind drakes
  37 jumping spiders
  26 slime creatures
  The ghost of komo4ek the Slasher, an amateur DrSk (D:4)
  A hornet (shapeshifter) (D:15)
  64 saltlings (Desolation)
  21 hippogriffs
  10 snapping turtles
  4 dream sheep (Lair:4)
  11 blink frogs
  A hippogriff (shapeshifter) (Vaults:1)
  A frost giant simulacrum (Vaults:2)
  3 shadows
  A spriggan (D:7)
  23 yaks
  A human (shapeshifter) (D:15)
  4 air elementals
  3 ettin skeletons (Vaults:2)
  8 water elementals
  A wraith (Shoals:1)
  2 vampires
  49 redbacks
  20 wyverns
  2 hungry ghosts
  2 fire elementals
  A hog (shapeshifter) (Vaults:1)
  11 basilisks
  35 tarantellas
  4 steam dragons
  A human simulacrum (Vaults:2)
  A warg (Vaults:2)
  Edmund (D:4)
  Menkaure (D:6)
  A water moccasin (shapeshifter) (Elf:2)
  2 acid dragons
  21 soldier ants
  14 water moccasins
  9 hell hounds
  6 porcupines
  Duvessa (D:4)
  A swamp drake (shapeshifter) (D:15)
  4 ice beasts
  41 orc warriors
  2 necrophages
  A black bear (D:11)
  2 phantoms
  4 sky beasts
  20 ogres
  2 orc skeletons (Vaults:2)
  6 boggarts
  An elf skeleton (Vaults:2)
  16 centaurs
  6 crocodiles
  4 big kobolds
  20 bullfrogs
  An earth elemental (Elf:1)
  2 gnoll sergeants (D:10)
  A water moccasin zombie (D:12)
  A deep troll simulacrum (Vaults:1)
  A wyvern skeleton (D:12)
  Dowan (D:4)
  4 scorpions
  5 wights
  10 killer bees
  An electric eel (Spider:2)
  6 howler monkeys
  5 lava snakes (Lair:6)
  6 crimson imps
  A bullfrog zombie (D:6)
  2 quasits
  3 jellies
  15 orc priests
  A bullfrog skeleton (D:5)
  6 hounds
  31 orc wizards
  Jessica (D:3)
  5 iguanas
  29 worker ants
  A hound zombie (D:8)
  9 gnolls
  15 adders
  A howler monkey skeleton (D:4)
  7 shadow imps
  5 oozes
  2 adder zombies
  An adder skeleton (D:4)
  2 worms
  3 dart slugs
  2 leopard geckos
  97 orcs
  A ball python (D:4)
  4 giant cockroaches
  10 hobgoblins
  13 jackals
  4 quokkas
  14 bats
  2 frilled lizards
  A giant cockroach zombie (D:6)
  6 goblins
  12 kobolds
  A quokka skeleton (D:4)
  11 rats
  4 crawling corpses
  A fungus (Lair:2)
1541 creatures vanquished.

Vanquished Creatures (collateral kills)
  A stone giant (Vaults:2)
  Nessos (Orc:2)
  A deep elf annihilator (Elf:3)
  A merfolk javelineer (Shoals:4)
  A deep elf death mage (Elf:3)
  2 ragged hierophants (Desolation)
  A servant of whispers (Desolation)
  An ice dragon (Vaults:2)
  2 peacekeepers (Desolation)
  An ogre mage (Vaults:2)
  A two-headed ogre (Vaults:2)
  A centaur warrior (Orc:2)
  An ironbrand convoker (Desolation)
  A necromancer (Vaults:2)
  2 harpies (Shoals:1)
  A deep elf mage (Vaults:2)
  2 orc knights (Orc:2)
  4 orb spiders (Spider:4)
  2 wolf spiders (Spider:4)
  A cyclops (Vaults:2)
  An oklob plant (Lair:2)
  2 merfolk sirens
  A frost giant skeleton (Vaults:2)
  2 guardian serpents (Desolation)
  A torpor snail (Spider:4)
  A demonic crawler (Spider:4)
  A kobold demonologist (D:11)
  A yaktaur (Vaults:2)
  A jumping spider (Spider:4)
  A hornet (Spider:4)
  A troll (Orc:2)
  5 saltlings (Desolation)
  A merfolk (Shoals:1)
  2 snapping turtles (Shoals:1)
  A redback (Spider:4)
  5 wraiths
  3 tarantellas (Spider:4)
  13 orc warriors (Orc:2)
  2 ogres
  2 centaurs (Orc:2)
  A big kobold (D:10)
  A gnoll sergeant (D:10)
  2 orc wizards (Orc:2)
  11 orcs
  A fungus (Lair:2)
91 creatures vanquished.

Vanquished Creatures (others)
  A boggart (Vaults:2)
  An orc priest (Elf:1)
  4 orcs (Elf:1)
  9 fungi
  10 plants
25 creatures vanquished.

Grand Total: 1657 creatures vanquished

Notes
Turn   | Place    | Note
-------+----------+-------------------------------------------
     0 | D:1      | troglodite the Demonspawn Berserker began the quest for the Orb.
     0 | D:1      | Reached XP level 1. HP: 18/18 MP: 1/1
   333 | D:1      | Gained mutation: You have sharp toenails. [demonic ancestry]
   333 | D:1      | Reached XP level 2. HP: 24/24 MP: 2/2
   573 | D:1      | Gained mutation: You are partially covered in thin metallic scales. (AC +2) [demonic ancestry]
   573 | D:1      | Reached XP level 3. HP: 23/30 MP: 3/3
   810 | D:1      | Reached ** piety under Trog
  1111 | D:2      | Reached XP level 4. HP: 35/37 MP: 4/4
  1994 | D:3      | Gained mutation: You sometimes gain a little power by taking damage. [demonic ancestry]
  1994 | D:3      | Reached XP level 5. HP: 42/42 MP: 5/5
  2236 | D:3      | Reached *** piety under Trog
  2380 | D:3      | Noticed Jessica
  2386 | D:3      | Killed Jessica
  2939 | D:4      | Noticed a hungry ghost
  2976 | D:4      | Killed a hungry ghost
  2976 | D:4      | Gained mutation: You have razor-sharp toenails. [demonic ancestry]
  2976 | D:4      | Reached XP level 6. HP: 49/49 MP: 6/6
  2993 | D:4      | Noticed komo4ek's ghost (amateur DrSk)
  3014 | D:4      | Killed komo4ek's ghost
  3014 | D:4      | Gained mutation: You are partially covered in sharp spines. [demonic ancestry]
  3014 | D:4      | Reached XP level 7. HP: 55/55 MP: 7/7
  3166 | D:4      | Found Peemed's Distillery.
  3257 | D:4      | Noticed Edmund
  3267 | D:4      | Killed Edmund
  3267 | D:4      | Reached skill level 5 in Fighting
  3325 | D:4      | Reached skill level 5 in Long Blades
  3349 | D:4      | Noticed Duvessa
  3349 | D:4      | Noticed Dowan
  3362 | D:4      | Killed Duvessa
  3362 | D:4      | Reached skill level 5 in Armour
  3367 | D:4      | Killed Dowan
  3367 | D:4      | Gained mutation: You are mostly covered in thin metallic scales. (AC +3) [demonic ancestry]
  3367 | D:4      | Reached XP level 8. HP: 32/62 MP: 8/8
  3662 | D:4      | Found a stormy altar of Qazlal.
  3670 | D:4      | Found an opulent altar of Gozag.
  3678 | D:4      | Found a shadowy altar of Dithmenos.
  3685 | D:4      | Found an ornate altar of the Wu Jian Council.
  3949 | D:5      | Entered Level 5 of the Dungeon
  4928 | D:6      | Reached **** piety under Trog
  4982 | D:6      | Noticed Menkaure
  4988 | D:6      | Reached skill level 1 in Short Blades
  4989 | D:6      | Killed Menkaure
  5156 | D:6      | Reached XP level 9. HP: 39/69 MP: 9/9
  5673 | D:7      | Found a bloodstained altar of Trog.
  5676 | D:7      | Found a sparkling altar of Nemelex Xobeh.
  5676 | D:7      | Found a shattered altar of Ashenzari.
  5713 | D:7      | Found a burning altar of Makhleb.
  5855 | D:7      | Found a staircase to the Ecumenical Temple.
  5992 | D:7      | Found an iron altar of Okawaru.
  6314 | D:7      | Reached skill level 5 in Dodging
  6543 | D:8      | Reached skill level 1 in Shields
  6796 | D:8      | Reached skill level 1 in Stealth
  6802 | D:8      | Gained mutation: You sometimes gain power by taking damage. [demonic ancestry]
  6802 | D:8      | Reached XP level 10. HP: 75/79 MP: 10/10
  6821 | D:8      | Reached ***** piety under Trog
  6836 | D:8      | Reached skill level 2 in Shields
  6868 | D:8      | Found Udet's Antique Armour Boutique.
  7282 | D:9      | Found Dekanon's Demolitions Depot.
  7295 | D:9      | Found a basalt altar of Yredelemnul.
  7381 | D:9      | Received a gift from Trog
  7388 | D:9      | Noticed a two-headed ogre
  7389 | D:9      | Found Zygeblui's Antique Weapon Shop.
  7707 | D:9      | Killed a two-headed ogre
  7707 | D:9      | Reached skill level 3 in Shields
  8119 | D:9      | Found a staircase to the Lair.
  8137 | D:9      | Reached skill level 4 in Shields
  8385 | D:10     | Entered Level 10 of the Dungeon
  8493 | D:10     | Found a runed door.
  8493 | D:10     | Noticed a sixfirhy
  8516 | D:10     | Killed a sixfirhy
  8538 | D:10     | Identified a scroll of acquirement
  8656 | D:10     | Found a staircase to the Orcish Mines.
  8700 | D:10     | Gained mutation: Your magical and physical power is slightly enhanced at high health. [demonic ancestry]
  8700 | D:10     | Reached XP level 11. HP: 86/86 MP: 11/11
  8706 | D:10     | Received a gift from Trog
  8708 | D:10     | Reached skill level 5 in Shields
  8902 | D:10     | Reached skill level 5 in Short Blades
  9349 | Orc:1    | Entered Level 1 of the Orcish Mines
  9349 | Orc:1    | Noticed an orc sorcerer
  9358 | Orc:1    | Killed an orc sorcerer
  9479 | Orc:2    | Entered Level 2 of the Orcish Mines
  9479 | Orc:2    | Noticed Nessos
  9487 | Orc:2    | Killed Nessos
  9648 | Orc:1    | Noticed an orc sorcerer
  9655 | Orc:1    | Killed an orc sorcerer
  9730 | Orc:1    | Noticed a two-headed ogre
  9945 | Orc:1    | Killed a two-headed ogre
  9945 | Orc:1    | Reached skill level 6 in Shields
 10041 | Orc:1    | Found a roughly hewn altar of Beogh.
 10093 | Orc:1    | Found Qocunihi's Gadget Emporium.
 10288 | Orc:2    | Received a gift from Trog
 10437 | Orc:2    | Noticed an orc knight
 10457 | Orc:2    | Killed an orc knight
 10772 | Orc:2    | Noticed an orc knight
 10787 | Orc:2    | Killed an orc knight
 10796 | Orc:2    | Reached skill level 10 in Armour
 10854 | Orc:2    | Noticed an orc sorcerer
 10857 | Orc:2    | Noticed an orc knight
 10862 | Orc:2    | Killed an orc sorcerer
 10862 | Orc:2    | Reached skill level 7 in Shields
 10862 | Orc:2    | Gained mutation: You have claws for feet. [demonic ancestry]
 10862 | Orc:2    | Reached XP level 12. HP: 83/95 MP: 12/12
 11029 | Orc:2    | Noticed a centaur warrior
 11122 | Orc:2    | Killed a centaur warrior
 11737 | Orc:2    | Found a staircase to the Elven Halls.
 11797 | Orc:2    | Found Daashy's Gadget Boutique.
 11797 | Orc:2    | Found Uteiff's Gadget Emporium.
 11799 | Orc:2    | Found Weufreta's Jewellery Shoppe.
 11801 | Orc:2    | Found Ubichaus's Weapon Shop.
 12058 | D:10     | Reached skill level 8 in Shields
 12121 | D:11     | Received a gift from Trog
 12184 | D:11     | Noticed a two-headed ogre
 12201 | D:11     | Killed a two-headed ogre
 12201 | D:11     | Received a gift from Trog
 12203 | D:11     | Noticed a two-headed ogre
 12212 | D:11     | Killed a two-headed ogre
 12497 | D:11     | Reached skill level 9 in Shields
 12663 | D:11     | Noticed an eight-headed hydra
 12674 | D:11     | Killed an eight-headed hydra
 13077 | D:11     | Reached XP level 13. HP: 79/103 MP: 13/13
 14235 | D:13     | Found a gate to the Vaults.
 14249 | D:13     | Reached skill level 10 in Fighting
 14249 | D:13     | Reached skill level 10 in Shields
 14762 | D:13     | Reached skill level 11 in Shields
 14904 | D:13     | Got a scorched silver ring
 14910 | D:13     | Identified the ring "Jixinkaff" {MR+ Dex+4 SInv} (You found it on level 13 of the Dungeon)
 15240 | D:14     | Noticed Ratty's ghost (journeyman CeMo)
 15259 | D:14     | Killed Ratty's ghost
 15507 | D:14     | Found a shadowy altar of Dithmenos.
 15516 | D:14     | Gained mutation: You are powered by pain. [demonic ancestry]
 15516 | D:14     | Reached XP level 14. HP: 111/111 MP: 14/14
 15609 | D:14     | Found Qismu's Armour Emporium.
 15970 | D:15     | Entered Level 15 of the Dungeon
 16038 | D:15     | Received a gift from Trog
 16342 | D:15     | Found Xoem's Magic Scroll Shop.
 16733 | D:15     | Found a staircase to the Depths.
 16817 | D:15     | Reached skill level 12 in Shields
 16851 | D:15     | Received a gift from Trog
 17165 | Lair:1   | Entered Level 1 of the Lair of Beasts
 18043 | Lair:2   | Received a gift from Trog
 18622 | Lair:2   | Got a twisted hunting sling
 18713 | Lair:2   | Identified the +11 hunting sling of Doom {venom, rN+ Str+6} (You found it on level 2 of the Lair of Beasts)
 18809 | Lair:2   | Received a gift from Trog
 18812 | Lair:2   | Got a brightly glowing hunting sling {god gift}
 18826 | Lair:2   | Identified the +10 hunting sling of Law {venom, rPois rF- Int+6 SInv} (Trog gifted it to you on level 2 of the Lair of Beasts)
 19357 | Lair:3   | Reached skill level 13 in Shields
 19497 | Lair:3   | Gained mutation: You are mostly covered in sharp spines. [demonic ancestry]
 19497 | Lair:3   | Reached XP level 15. HP: 104/118 MP: 15/15
 19554 | Lair:3   | Found a hole to the Spider Nest.
 20044 | Lair:4   | Found a staircase to the Shoals.
 20051 | Lair:4   | Reached skill level 1 in Slings
 21008 | Lair:5   | Found a staircase to the Slime Pits.
 21009 | Lair:5   | Found a viscous altar of Jiyva.
 21556 | Lair:6   | Entered Level 6 of the Lair of Beasts
 22785 | Lair:6   | Reached skill level 14 in Shields
 22927 | Lair:6   | Found a large runed door.
 22931 | Lair:6   | Found a large runed door.
 23470 | Spider:1 | Entered Level 1 of the Spider Nest
 23525 | Lair:3   | Reached skill level 10 in Dodging
 23907 | Shoals:1 | Entered Level 1 of the Shoals
 23916 | Shoals:1 | Received a gift from Trog
 23965 | Shoals:1 | Noticed Josephine
 23981 | Shoals:1 | Killed Josephine
 23984 | Shoals:1 | Received a gift from Trog
 24092 | Shoals:1 | Reached XP level 16. HP: 20/127 MP: 16/16
 24732 | Shoals:1 | Found Jyofeen's Magic Scroll Shop.
 24909 | Shoals:1 | Got an encrusted ring mail
 24920 | Shoals:1 | Identified the +3 ring mail "Fameasch" {rF+ Str+6 Stlth-} (You found it on level 1 of the Shoals)
 25081 | Shoals:2 | Got a transparent copper amulet
 25087 | Shoals:2 | Identified the amulet "Zothro" {Faith Slay+2} (You found it on level 2 of the Shoals)
 25904 | Shoals:2 | Noticed Polyphemus
 25931 | Shoals:2 | Killed Polyphemus
 26169 | Shoals:2 | Got spiked swamp dragon scales
 26180 | Shoals:2 | Identified the +6 swamp dragon scales "Edid" {*Contam rPois rCorr Int+3 Dex+2} (You found it on level 2 of the Shoals)
 26347 | Shoals:3 | Received a gift from Trog
 26371 | Shoals:3 | Reached skill level 15 in Shields
 27283 | Shoals:4 | Entered Level 4 of the Shoals
 27301 | Shoals:4 | Reached skill level 5 in Slings
 27387 | Shoals:4 | Noticed Ilsuiw
 28219 | Shoals:4 | Got a crude steel amulet
 28220 | Shoals:4 | Identified the amulet "Defuil" {Spirit MP+9 Dex+2} (You found it on level 4 of the Shoals)
 28709 | Shoals:4 | Killed Ilsuiw
 28778 | Shoals:4 | HP: 6/127 [something (2)]
 29164 | Shoals:4 | Found Huhuth's Magic Scroll Emporium.
 29302 | Shoals:4 | Gained mutation: Your magical and physical power is enhanced at high health. [demonic ancestry]
 29302 | Shoals:4 | Reached XP level 17. HP: 57/133 MP: 17/17
 29706 | Shoals:4 | Received a gift from Trog
 29921 | Shoals:4 | Got a barnacled rune of Zot
 30094 | Shoals:4 | Got an encrusted mace
 30118 | Shoals:4 | Identified the +5 mace "Eraceal" {protect, MR++ Int-5 Dex+3 SInv} (You found it on level 4 of the Shoals)
 30581 | Shoals:4 | Got an ancient long sword
 30582 | Shoals:4 | Identified the +7 long sword of Abomination {drain, rF+ rN+} (You found it on level 4 of the Shoals)
 30682 | Shoals:1 | Bought a scroll of acquirement for 728 gold pieces
 30685 | Shoals:1 | Got a bound wooden ring
 30686 | Shoals:1 | Identified the ring "Ucoyrghixt" {rF+ Int+2 Dex+2} (You acquired it on level 1 of the Shoals)
 31191 | Spider:1 | Reached skill level 16 in Shields
 31212 | Spider:1 | Received a gift from Trog
 32061 | Spider:1 | Received a gift from Trog
 32064 | Spider:1 | Got a steaming short sword {god gift}
 32065 | Spider:1 | Identified the +9 short sword "Qirores" {venom, +Inv rF- SInv} (Trog gifted it to you on level 1 of the Spider Nest)
 32516 | Spider:2 | Received a gift from Trog
 32517 | Spider:2 | Reached ****** piety under Trog
 34060 | Spider:4 | Entered Level 4 of the Spider Nest
 34554 | Spider:4 | Received a gift from Trog
 34604 | Spider:4 | Reached XP level 18. HP: 142/142 MP: 18/18
 34694 | Spider:4 | Reached skill level 17 in Shields
 35279 | Spider:4 | Got a gossamer rune of Zot
 35543 | Vaults:1 | Entered Level 1 of the Vaults
 35641 | Vaults:1 | Received a gift from Trog
 36165 | Vaults:1 | Found a portal to a secret trove of treasure.
 36466 | Vaults:1 | Received a gift from Trog
 37308 | Vaults:2 | Reached XP level 19. HP: 130/149 MP: 19/19
 37359 | Vaults:2 | Reached skill level 18 in Shields
 37375 | Vaults:2 | Received a gift from Trog
 37386 | Vaults:2 | Received a gift from Trog
 37489 | Vaults:2 | Found a ruined gateway.
 37506 | Desolati | Entered the Desolation of Salt
 37636 | Desolati | Received a gift from Trog
 37665 | Desolati | Got a translucent broad axe {chop}
 37668 | Desolati | Identified the +5 broad axe of Iphiogg {chop, rF+ Int+3 SInv Stlth-} (You took it off an imperial myrmidon in the Desolation of Salt)
 37974 | Desolati | Got a sparkling gossamer ring
 38063 | Desolati | Got a distressingly furry leather armour
 38074 | Desolati | Identified the ring of Ephemeral Luck {Fire MP+9 Int+4} (You found it in the Desolation of Salt)
 38075 | Desolati | Identified the +3 leather armour "Muvuarei" {Dex+7 Stlth+} (You found it in the Desolation of Salt)
 38261 | Desolati | Got a pair of spiked gloves
 38275 | Desolati | Got an iridescent long sword
 38278 | Desolati | Identified the cursed +1 long sword "Cewimo" {venom, rPois Str+4 Dex-2} (You found it in the Desolation of Salt)
 38289 | Desolati | Identified the +1 pair of gloves of Disaster {Dex+2} (You found it in the Desolation of Salt)
 38492 | Desolati | Received a gift from Trog
 38536 | Desolati | Got a faintly glowing broad axe {god gift}
 38537 | Desolati | Identified the +6 broad axe "Liorusoz" {drain, rPois rC+} (Trog gifted it to you in the Desolation of Salt)
 38955 | Desolati | Found the +8 autumn katana {slice, Clar}
 39131 | Desolati | Received a gift from Trog
 39134 | Desolati | Got a steaming hunting sling {god gift}
 39135 | Desolati | Identified the +5 hunting sling of Twilight {speed, *Corrode rElec rC+++ MR++} (Trog gifted it to you in the Desolation of Salt)
 39540 | Vaults:2 | Reached XP level 20. HP: 113/158 MP: 20/20
 39557 | Vaults:2 | Received a gift from Trog
 39560 | Vaults:2 | Reached skill level 10 in Long Blades
 39710 | Vaults:2 | Reached skill level 15 in Armour
 40556 | Elf:1    | Entered Level 1 of the Elven Halls
 40592 | Elf:1    | Reached skill level 19 in Shields
 40753 | Elf:1    | Received a gift from Trog
 40984 | Elf:1    | Got an ancient quick blade {god gift}
 40985 | Elf:1    | Identified the +2 quick blade of Destruction {pierce, rF+ Int+4 Dex+2} (Trog gifted it to you on level 1 of the Elven Halls)
 41234 | Elf:1    | Found Ehu Rija's Distillery.
 41480 | Elf:1    | Reached skill level 10 in Slings
 42174 | Elf:2    | Found a huge runed gate.
 42174 | Elf:2    | Found a huge runed gate.
 42184 | Elf:2    | Found a huge runed gate.
 42186 | Elf:2    | Found a huge runed gate.
 42188 | Elf:2    | Found a huge runed gate.
 42343 | Elf:2    | Received a gift from Trog
 42455 | Elf:2    | Found Mepnoir's Jewellery Emporium.
 42494 | Elf:2    | Noticed tidbits's ghost (journeyman GnVM)
 42517 | Elf:2    | Killed tidbits's ghost
 43515 | Elf:2    | Received a gift from Trog
 43756 | Elf:3    | Entered Level 3 of the Elven Halls
 44415 | Elf:3    | Found Kexirgh's Distillery.
 44645 | Elf:3    | Reached XP level 21. HP: 100/166 MP: 21/21
 44744 | Elf:3    | Received a gift from Trog
 44746 | Elf:3    | Killed from afar by a deep elf annihilator

Skill      XL: |  1  2  3  4  5  6  7  8  9 10 11 12 13 14 15 16 17 18 19 20 |
---------------+-------------------------------------------------------------+-----
Dodging        | 2 3 4 5 6 7 8 9 10 11 12 13 | 13.0
Armour         | 2 3 4 5 6 8 9 10 11 12 13 14 15 | 15.3
Long Blades    | 3 4 5 6 7 8 9 10 | 10.2
Fighting       | 4 5 6 7 9 10 11 12 13 14 | 14.7
Short Blades   | 1 3 4 6 7 8 9 |  9.5
Shields        | 1 4 7 9 11 13 14 15 16 17 18 19 | 19.2
Stealth        | 1 2 |  2.0
Slings         | 3 6 7 8 9 11 | 11.9

Action                   |  1- 3 |  4- 6 |  7- 9 | 10-12 | 13-15 | 16-18 | 19-21 || total
-------------------------+-------+-------+-------+-------+-------+-------+-------++-------
Melee: Falchion          |    92 |   169 |    41 |       |       |       |       ||   302
       Kick              |    25 |    40 |    96 |   167 |   615 |   785 |   491 ||  2219
       Dagger            |       |       |   255 |   559 |  1310 |   590 |       ||  2714
       Long sword        |       |       |       |       |       |   796 |   447 ||  1243
       Katana            |       |       |       |       |       |       |   210 ||   210
 Fire: Hunting sling     |       |       |       |       |       |   209 |   929 ||  1138
Invok: Trog's Hand       |       |     1 |       |       |       |     2 |     2 ||     5
       Berserk           |       |     2 |     6 |     9 |     5 |     5 |     3 ||    30
       Burn Spellbooks   |       |       |     1 |     2 |     5 |     2 |     2 ||    12
       Brothers in Arms  |       |       |       |     8 |     4 |     5 |     4 ||    21
  Use: Scroll            |       |       |       |    27 |    19 |    18 |     9 ||    73
       Potion            |       |       |       |       |     1 |     5 |       ||     6
 Stab: Distracted        |       |       |       |     1 |     1 |     2 |     1 ||     5
       Sleeping          |       |       |       |       |       |     5 |     4 ||     9
       Held in net/web   |       |       |       |       |       |     1 |       ||     1
  Eat: Chunk             |     1 |     6 |    15 |    21 |    28 |    27 |     7 ||   105
       Ration            |       |     2 |     1 |     3 |     4 |     8 |     5 ||    23
Armor: Animal skin       |     6 |       |       |       |       |       |       ||     6
       Plate armour      |    58 |   165 |    71 |   213 |   440 |     7 |       ||   954
       Chain mail        |       |       |   109 |    81 |       |       |       ||   190
       Swamp dragon scal |       |       |       |       |       |   366 |   123 ||   489
       Ring mail         |       |       |       |       |       |    12 |       ||    12
Dodge: Dodged            |    38 |    76 |    99 |   168 |   229 |   735 |   352 ||  1697
       Deflected         |       |       |       |       |       |       |     7 ||     7
Block: Shield            |       |       |    36 |   321 |    52 |       |       ||   409
       Large shield      |       |       |       |       |   990 |  2048 |  1172 ||  4210
       Rpst.: Falchion   |    11 |    20 |     4 |       |       |       |       ||    35
       Long sword        |       |       |       |       |       |    86 |    58 ||   144
       Katana            |       |       |       |       |       |       |    12 ||    12
